Map: [ESL] Data-C

Players

Spirit - Winner!

  • Race: Terran Terran
  • Spawn Location: 9:00

Rattata

  • Race: Zerg Zerg
  • Spawn Location: 3:00

Event: DreamHack SC2 Masters 2022 Atlanta (Online)

VOD

Have the link to the VOD?

Description

Time

  • Played on: Oct. 5, 2022, 11:02 a.m.
  • Length: 15:59

All games in this series

Show
View Real Time Build Order
Export as new Build Order

Spirit Terran - Winner!

Build Orders: Reaper Expand, Hellion Banshee 

Get SALT Encoding   

  12  0:00  SCV  
  13  0:12  SCV  
  14  0:18  Supply Depot  
  14  0:24  SCV  
  15  0:40  SCV  
  15  0:42  Barracks  
  16  0:45  Refinery  
  16  0:52  SCV  
  17  1:04  SCV  
  18  1:16  SCV  
  19  1:29  Reaper, Orbital Command  
  20  1:39  Command Center  
  20  1:50  Supply Depot  
  20  1:54  SCV  
  20  2:01  Marine  
  22  2:07  SCV  
  23  2:14  Factory  
  23  2:19  SCV  
  25  2:26  Barracks Reactor  
  24  2:31  SCV  
  25  2:39  Command Center  
  25  2:43  SCV  
  26  2:52  Orbital Command  
  26  2:55  SCV  
  27  3:02  Starport  
  27  3:07  SCV, Refinery  
  28  3:13  Hellion x2  
  28  3:16  Barracks Tech Lab  
  28  3:18  SCV  
  33  3:20  SCV  
  34  3:30  SCV  
  34  3:32  SCV  
  36  3:34  Hellion  
  36  3:35  Hellion  
  40  3:42  SCV  
  40  3:43  Banshee  
  40  3:44  SCV  
  45  3:51  Orbital Command  
  45  3:54  SCV  
  46  3:56  SCV  
  46  3:57  Cloaking Field  
  46  4:02  Hellion  
  49  4:03  Hellion  
  49  4:06  SCV  
  49  4:07  Barracks Tech Lab  
  49  4:08  Supply Depot  
  49  4:09  SCV  
  53  4:17  SCV  
  53  4:18  SCV  
  53  4:23  Hellion  
  57  4:24  Hellion  
  57  4:27  SCV  
  57  4:29  SCV  
  57  4:30  Banshee  
  64  4:34  Supply Depot, SCV  
  64  4:36  Marine  
  66  4:39  SCV  
  66  4:40  Stimpack  
  66  4:41  SCV  
  68  4:46  SCV  
  68  4:51  Orbital Command  
  69  4:56  SCV  
  69  4:57  Supply Depot  
  69  4:58  SCV  
  69  4:59  Barracks, Refinery x2  
  71  5:00  Factory Reactor  
  71  5:03  Barracks  
  71  5:06  Engineering Bay  
  71  5:07  Engineering Bay  
  71  5:08  SCV  
  71  5:10  SCV  
  71  5:13  Marine  
  74  5:18  Supply Depot  
  74  5:20  SCV  
  75  5:21  SCV  
  75  5:22  SCV  
  75  5:23  Barracks  
  75  5:25  Barracks, Starport Reactor  
  77  5:31  Marine  
  77  5:32  SCV  
  77  5:33  SCV  
  77  5:34  Bunker, SCV  
  81  5:37  Terran Infantry Weapons Level 1  
  81  5:38  Supply Depot  
  81  5:42  Terran Infantry Armor Level 1  
  81  5:45  SCV  
  81  5:46  SCV  
  81  5:47  SCV  
  81  5:49  Marine x2  
  86  5:55  Marine  
  86  5:56  Marine  
  88  5:57  SCV  
  88  5:58  Marine  
  88  5:59  Siege Tank  
  88  6:00  SCV  
  94  6:06  SCV  
  94  6:07  Marine x2  
  94  6:08  Supply Depot  
  94  6:09  SCV  
  98  6:11  Barracks Reactor  
  98  6:12  Supply Depot, Barracks Tech Lab  
  98  6:13  SCV, Marine  
  98  6:14  Marine  
  101  6:20  Combat Shield  
  101  6:27  Supply Depot  
  101  6:29  Supply Depot, SCV x3, Medivac x2, Marine x3  
  101  6:30  Marine  
  101  6:32  Marine  
  113  6:33  Siege Tank  
  113  6:34  Marine  
  117  6:41  SCV  
  117  6:43  Command Center  
  117  6:44  Supply Depot  
  117  6:46  Marine x3  
  121  6:48  Marine  
  121  6:53  Concussive Shells  
  122  6:55  Refinery  
  122  6:56  Refinery  
  122  6:59  Supply Depot, Medivac  
  122  7:00  Marine  
  125  7:01  Marine  
  125  7:03  Marine x2  
  125  7:04  Marine  
  125  7:05  Siege Tank  
  125  7:06  Supply Depot, SCV x2  
  125  7:07  Marine  
  135  7:10  Marine  
  136  7:18  Marine x2  
  136  7:19  Marine  
  136  7:20  SCV  
  136  7:21  SCV, Marine x2  
  136  7:22  Marine  
  144  7:25  Supply Depot, SCV  
  144  7:29  Marine  
  146  7:30  Supply Depot, Marine  
  146  7:33  SCV  
  146  7:36  Marine x2  
  150  7:37  Siege Tank, Marine  
  150  7:43  Factory  
  154  7:47  Supply Depot x2  
  154  7:50  Medivac x2  
  158  7:52  SCV  
  158  7:53  Marauder, Marine  
  158  7:58  SCV x2  
  164  8:02  Marauder, Marine x4  
  164  8:04  SCV  
  171  8:13  Command Center  
  171  8:18  Planetary Fortress  
  171  8:20  Sensor Tower  
  171  8:26  Siege Tank  
  174  8:29  Factory Tech Lab  
  174  8:30  Armory  
  174  8:32  SCV x3  
  174  8:34  Medivac  
  179  8:44  SCV x3  
  182  8:48  Refinery x2  
  182  8:52  Ghost Academy  
  182  8:53  Barracks  
  182  8:54  Barracks x2  
  165  8:56  SCV x3  
  165  8:58  Siege Tank x2  
  165  9:00  Sensor Tower  
  174  9:07  Command Center  
  174  9:08  SCV  
  175  9:18  Terran Infantry Armor Level 2, Terran Infantry Weapons Level 2  
  175  9:22  Command Center  
  175  9:26  Terran Vehicle Weapons Level 1, Enhanced Shockwaves  
  175  9:30  Siege Tank  
  176  9:35  Ghost  
  176  9:36  Siege Tank  
  178  9:39  Marauder  
  178  9:40  Barracks Tech Lab x3  
  180  9:47  Command Center  
  180  10:01  Marauder, Planetary Fortress  
  180  10:02  Siege Tank  
  185  10:09  Siege Tank  
  185  10:10  Refinery  
  188  10:14  Refinery, Missile Turret, Sensor Tower  
  188  10:21  Ghost x2  
  188  10:22  Supply Depot  
  188  10:23  Orbital Command  
  192  10:34  Siege Tank  
  187  10:40  Command Center  
  181  10:44  Command Center  
  181  10:46  Command Center  
  181  10:47  Personal Cloaking  
  181  10:49  Orbital Command  
  181  10:58  Missile Turret  
  181  10:59  Missile Turret  
  181  11:02  Missile Turret  
  181  11:03  Missile Turret  
  181  11:04  Missile Turret  
  177  11:22  Command Center  
  177  11:23  Command Center x2  
  177  11:28  Ghost x4  
  185  11:45  Sensor Tower  
  185  11:46  Planetary Fortress  
  185  12:00  Terran Infantry Armor Level 3, Terran Infantry Weapons Level 3  
  185  12:03  Ghost Academy x2  
  185  12:04  Terran Vehicle Weapons Level 2  
  185  12:09  Ghost x4  
  185  12:11  Orbital Command x2  
  185  12:12  Nuke  
  193  12:33  Missile Turret  
  193  12:43  Command Center  
  179  12:52  Missile Turret  
  179  12:53  Command Center, Orbital Command  
  179  12:54  Planetary Fortress  
  179  12:55  Command Center  
  179  13:00  Command Center  
  179  13:09  Nuke x2  
  179  13:12  Missile Turret  
  179  13:14  Sensor Tower  
  179  13:20  Ghost x5  
  179  13:22  Marine  
  182  13:35  Nuke  
  182  13:40  Starport  
  182  13:42  Fusion Core  
  182  13:48  Ghost x3  
  182  13:49  Marauder x2  
  191  14:02  Liberator  
  175  14:07  Liberator  
  175  14:08  Marine  
  175  14:09  Marine x3  
  180  14:11  Marauder x2  
  180  14:13  Nuke x2  
  180  14:14  Siege Tank x2  
  188  14:18  Marauder x2, Planetary Fortress  
  190  14:42  Starport Reactor  
  190  14:44  Armory  
  190  14:46  Siege Tank  
  190  14:51  Marauder x3, Marine  
  180  15:13  Marauder x5, Marine x3  
  168  15:18  Orbital Command  
  163  15:23  Marine  
  164  15:34  Marauder x5  
  180  15:52  Refinery  
Show
View Real Time Build Order
Export as new Build Order

Rattata Zerg 

Build Orders: Hatch First 

Get SALT Encoding   

  12  0:00  Drone  
  13  0:12  Overlord  
  13  0:17  Drone  
  14  0:30  Drone x2  
  16  0:47  Hatchery  
  15  0:51  Drone  
  15  0:54  Drone  
  17  0:58  Drone  
  18  1:09  Extractor  
  17  1:13  Spawning Pool  
  17  1:16  Drone  
  17  1:20  Drone  
  18  1:27  Drone  
  19  1:38  Drone  
  20  1:49  Drone  
  21  2:00  Queen x2  
  21  2:01  Zergling x4  
  27  2:11  Overlord  
  27  2:12  Drone  
  28  2:23  Hatchery  
  28  2:25  Drone  
  28  2:31  Drone  
  28  2:32  Drone  
  28  2:34  Drone  
  30  2:40  Queen  
  32  2:45  Overlord  
  32  2:48  Drone  
  33  2:54  Drone x2  
  35  2:59  Metabolic Boost  
  35  3:02  Queen  
  37  3:06  Drone  
  37  3:07  Drone  
  37  3:10  Overlord  
  37  3:12  Drone  
  40  3:15  Drone  
  40  3:18  Drone x2  
  43  3:28  Queen  
  43  3:30  Drone  
  43  3:31  Drone  
  47  3:35  Queen  
  47  3:38  Overlord  
  49  3:44  Drone x3  
  49  3:45  Drone  
  49  3:48  Drone  
  54  3:52  Baneling Nest  
  54  3:54  Drone x2  
  55  4:00  Drone x5  
  60  4:07  Extractor  
  59  4:10  Queen, Overlord  
  59  4:14  Drone x3  
  59  4:15  Drone  
  65  4:22  Overlord  
  65  4:24  Extractor  
  64  4:25  Lair  
  64  4:28  Queen  
  64  4:29  Overlord  
  64  4:31  Drone x2  
  67  4:33  Drone  
  69  4:40  Zergling x4, Drone x2  
  69  4:42  Drone x3  
  69  4:43  Drone  
  77  4:47  Overlord  
  77  4:50  Drone x2  
  79  4:54  Spore Crawler x2  
  78  5:00  Drone x3, Evolution Chamber  
  78  5:01  Drone  
  78  5:03  Evolution Chamber  
  79  5:09  Drone  
  79  5:11  Hatchery  
  79  5:12  Spore Crawler  
  79  5:13  Drone  
  79  5:16  Extractor  
  79  5:17  Drone x2, Extractor  
  79  5:18  Drone  
  80  5:22  Drone  
  80  5:27  Zerg Melee Weapons Level 1  
  81  5:30  Zerg Ground Armor Level 1  
  81  5:32  Centrifugal Hooks  
  81  5:35  Overlord  
  81  5:38  Zergling x12  
  81  5:42  Overlord  
  87  5:45  Overlord  
  87  5:47  Drone  
  88  5:53  Zergling x8  
  87  6:02  Drone x2  
  87  6:03  Drone  
  87  6:04  Drone x5  
  89  6:06  Drone  
  89  6:09  Overseer, Drone  
  90  6:13  Drone  
  90  6:16  Drone  
  92  6:22  Drone  
  92  6:23  Drone x3  
  96  6:28  Spore Crawler, Drone x2  
  96  6:30  Drone  
  96  6:32  Infestation Pit, Hatchery, Baneling x4  
  97  6:33  Overseer, Baneling  
  97  6:37  Overlord  
  97  6:38  Drone x3  
  100  6:40  Drone  
  100  6:47  Drone x6  
  100  6:51  Drone x4  
  110  7:01  Drone x2  
  112  7:03  Overlord x2  
  112  7:08  Overlord  
  112  7:10  Pneumatized Carapace, Hive  
  112  7:12  Zergling x6  
  112  7:13  Zergling x10  
  120  7:23  Zerg Melee Weapons Level 2  
  120  7:26  Zergling x18  
  129  7:36  Drone  
  129  7:37  Drone x2  
  132  7:38  Overlord  
  132  7:41  Zergling x16  
  140  7:45  Baneling  
  140  7:46  Baneling x16  
  140  7:52  Zergling x10  
  140  7:53  Hatchery  
  140  7:55  Zergling x2  
  140  7:56  Zergling x14  
  140  7:57  Zergling x2  
  153  8:03  Overlord  
  153  8:08  Zergling x4  
  153  8:09  Zergling x14  
  162  8:13  Overlord  
  162  8:16  Drone x2  
  162  8:18  Overlord  
  164  8:20  Zergling x2  
  164  8:26  Adrenal Glands  
  161  8:28  Ultralisk Cavern, Overlord  
  161  8:32  Drone x2, Extractor  
  161  8:33  Drone x4, Extractor  
  161  8:34  Overlord  
  164  8:36  Zerg Ground Armor Level 2  
  164  8:37  Zergling x12  
  168  8:51  Zergling x4  
  168  8:52  Zergling x20  
  172  9:00  Hatchery  
  172  9:02  Zergling x14  
  177  9:06  Baneling x18  
  177  9:08  Baneling x7, Overlord  
  176  9:18  Chitinous Plating  
  176  9:23  Extractor  
  172  9:24  Drone x3  
  172  9:25  Overlord  
  172  9:27  Zergling x24  
  172  9:28  Overseer  
  191  9:38  Ultralisk x2  
  191  9:42  Overlord  
  191  9:49  Zerg Melee Weapons Level 3  
  191  9:51  Ultralisk  
  197  9:56  Overseer  
  197  9:57  Hatchery  
  197  9:58  Zergling x8  
  200  10:06  Hatchery  
  199  10:10  Overseer  
  199  10:13  Zergling x2  
  200  10:16  Spore Crawler  
  200  10:17  Spore Crawler  
  200  10:18  Overseer  
  198  10:26  Zergling x10  
  195  10:34  Zergling x14  
  195  10:35  Zergling x50  
  185  10:37  Anabolic Synthesis  
  185  10:42  Zergling x2, Ultralisk  
  192  10:43  Zergling x4  
  192  10:44  Zergling x2  
  195  10:53  Zerg Ground Armor Level 3  
  195  10:55  Zergling x8  
  199  11:03  Zergling x6  
  172  11:15  Zergling x42  
  173  11:24  Drone x3, Spire  
  175  11:26  Drone x2  
  175  11:31  Drone x8  
  185  11:33  Baneling  
  185  11:34  Baneling x7  
  184  11:46  Ultralisk  
  190  11:48  Overseer x3  
  190  11:53  Baneling x24  
  190  11:55  Zergling x8  
  194  12:02  Zergling x10  
  194  12:08  Baneling x10  
  197  12:30  Zergling x6  
  197  12:32  Baneling x7  
  158  12:47  Zergling x28  
  158  12:48  Zergling x20  
  158  12:50  Zergling x8  
  158  12:51  Zergling x46  
  182  12:54  Greater Spire  
  182  12:59  Pathogen Glands  
  182  13:02  Baneling x8  
  182  13:03  Extractor  
  182  13:04  Drone x3  
  184  13:07  Ultralisk  
  184  13:11  Zergling x8  
  200  13:18  Baneling  
  200  13:19  Baneling x15  
  134  14:06  Zergling x56  
  134  14:07  Zergling x34  
  177  14:12  Ultralisk  
  183  14:17  Baneling x3  
  183  14:18  Baneling x24  
  183  14:23  Zergling x20  
  179  14:27  Drone  
  176  14:32  Overlord  
  176  14:34  Baneling x15  
  176  14:35  Baneling x8  
  176  14:36  Zergling x8, Ultralisk x2  
  180  14:40  Infestor x2  
  184  14:45  Baneling x3  
  184  14:46  Baneling x9  
  184  14:55  Zergling x22  
  141  15:16  Ultralisk x4  
  141  15:17  Zergling x8  
  155  15:23  Zergling x16  
  145  15:37  Zergling x26  
Tags
 
Add a new tag
Caveats
  • Supply blocks, unpowered buildings, or Contaminate may cause inaccurate times.
  • Supply counts are checked every 10 seconds.